Map: Submarine LE

Players

Krystianer - Winner!

  • Race: Protoss Protoss
  • League: Grandmaster
  • Spawn Location: 11:00

Lambo

  • Race: Zerg Zerg
  • League: Master
  • Spawn Location: 5:00

Event: DreamHack SC2 Masters 2020 Winter

VOD

Have the link to the VOD?

Description

Time

  • Played on: Oct. 25, 2020, 12:12 p.m.
  • Length: 10:50

All games in this series

Show
View Real Time Build Order
Export as new Build Order

Krystianer Protoss - Winner!

Build Orders: Oracle Opening, Archon Immortal, Archon Drop 

Get SALT Encoding   

  12  0:00  Probe  
  13  0:12  Probe  
  14  0:17  Pylon  
  14  0:24  Probe (Chrono Boost)  
  16  0:36  Probe (Chrono Boost)  
  16  0:37  Gateway  
  16  0:43  Probe (Chrono Boost)  
  16  0:45  Assimilator  
  17  0:50  Probe  
  18  1:03  Probe  
  19  1:13  Gateway  
  19  1:15  Probe  
  20  1:25  Cybernetics Core  
  20  1:26  Zealot (Chrono Boost)  
  20  1:27  Probe  
  20  1:32  Pylon  
  25  2:00  Adept (Chrono Boost)  
  25  2:04  Nexus  
  25  2:16  Pylon  
  25  2:19  Cybernetics Core  
  25  2:25  Probe  
  25  2:27  Assimilator  
  26  2:37  Probe  
  27  2:49  Probe  
  28  2:55  Stargate  
  28  2:57  Adept  
  30  3:00  Stalker  
  30  3:01  Probe  
  33  3:05  Warp Gate  
  33  3:14  Probe (Chrono Boost)  
  33  3:16  Probe (Chrono Boost)  
  35  3:24  Probe (Chrono Boost)  
  35  3:25  Probe (Chrono Boost)  
  37  3:29  Probe (Chrono Boost)  
  37  3:30  Probe (Chrono Boost)  
  39  3:39  Oracle  
  39  3:40  Probe  
  43  3:42  Probe  
  44  3:52  Probe  
  44  3:54  Probe  
  46  3:57  Assimilator  
  46  4:01  Assimilator, Pylon  
  46  4:04  Robotics Facility, Probe  
  46  4:06  Probe  
  48  4:11  Twilight Council  
  49  4:18  Probe (Chrono Boost)  
  49  4:21  Probe (Chrono Boost)  
  50  4:28  Probe (Chrono Boost)  
  50  4:30  Gateway, Probe (Chrono Boost)  
  50  4:31  Gateway  
  52  4:34  Probe  
  53  4:40  Probe  
  54  4:46  Probe  
  54  4:51  Warp Prism (Chrono Boost)  
  54  4:52  Pylon, Probe, Templar Archives  
  58  5:10  Nexus  
  58  5:16  Probe  
  58  5:18  Probe  
  60  5:21  Pylon  
  60  5:28  Probe  
  61  5:30  Forge, Probe  
  61  5:35  Pylon  
  62  5:37  High Templar x4  
  62  5:40  Archon, Probe  
  62  5:41  Archon, Immortal (Chrono Boost)  
  62  5:42  Probe  
  76  5:52  Probe  
  76  5:54  Probe  
  78  6:04  Probe  
  78  6:05  Protoss Ground Weapons Level 1  
  78  6:06  Probe  
  78  6:10  Immortal (Chrono Boost)  
  80  6:18  Gateway  
  85  6:19  Gateway  
  85  6:20  Probe (Chrono Boost)  
  85  6:21  Probe (Chrono Boost)  
  85  6:23  Probe (Chrono Boost)  
  87  6:26  Assimilator  
  87  6:30  Assimilator, Sentry x3  
  87  6:31  Probe (Chrono Boost)  
  87  6:32  Probe (Chrono Boost)  
  96  6:33  Probe (Chrono Boost)  
  96  6:36  Pylon  
  96  6:40  Immortal (Chrono Boost)  
  96  6:41  Probe  
  101  6:54  Probe x3  
  101  6:55  Charge (Chrono Boost)  
  101  6:57  Pylon  
  101  7:00  Gateway  
  104  7:02  Gateway  
  104  7:04  Phoenix  
  106  7:14  Pylon  
  106  7:15  Immortal (Chrono Boost)  
  110  7:18  Pylon  
  110  7:21  Shield Battery  
  110  7:29  High Templar x2, Phoenix  
  116  7:33  Pylon  
  116  7:34  Pylon  
  116  7:35  Zealot x4  
  116  7:36  Archon  
  124  7:40  Immortal (Chrono Boost)  
  128  7:54  Pylon  
  128  8:04  High Templar x2  
  128  8:05  Zealot x6  
  136  8:09  Archon, Pylon  
  144  8:14  Protoss Ground Weapons Level 2 (Chrono Boost)  
  140  8:23  Immortal (Chrono Boost)  
  144  8:27  Pylon  
  144  8:33  Zealot  
  145  8:34  Zealot x5  
  139  8:59  High Templar x4, Zealot x3, Immortal (Chrono Boost)  
  139  9:00  Nexus, Zealot  
  159  9:03  Probe  
  159  9:05  Archon  
  159  9:06  Archon  
  160  9:13  Pylon  
  158  9:30  Immortal (Chrono Boost)  
  141  9:33  Probe  
  136  9:38  Zealot  
  136  9:42  Zealot  
  136  9:43  Zealot x7  
  150  9:50  Pylon  
  146  10:00  Pylon  
  126  10:08  Probe, Immortal  
  98  10:22  Stalker x4  
  98  10:23  Stalker x2  
  98  10:26  Probe  
  93  10:28  Probe  
  93  10:31  Zealot  
  70  10:46  High Templar x3  
  70  10:47  High Templar, Zealot  
Show
View Real Time Build Order
Export as new Build Order

Lambo Zerg 

Build Orders: Pool First 

Get SALT Encoding   

  12  0:16  Spawning Pool  
  11  0:21  Drone  
  11  0:27  Drone  
  13  0:31  Drone  
  14  0:39  Overlord  
  14  1:03  Queen, Zergling x4  
  18  1:04  Zergling x2  
  19  1:17  Zergling x2  
  20  1:30  Hatchery  
  19  1:33  Zergling x2  
  19  1:39  Drone  
  21  1:49  Overlord  
  21  1:58  Drone  
  22  2:06  Queen  
  24  2:09  Drone  
  24  2:12  Drone  
  24  2:13  Drone  
  27  2:21  Drone  
  28  2:31  Drone  
  28  2:36  Drone  
  30  2:42  Drone, Queen  
  33  2:48  Drone  
  36  2:53  Overlord  
  36  3:00  Overlord  
  36  3:13  Drone x4  
  36  3:14  Drone x2  
  36  3:17  Extractor  
  41  3:21  Drone x2  
  41  3:30  Hatchery  
  41  3:33  Drone x2  
  42  3:34  Drone  
  42  3:39  Overlord  
  43  3:42  Drone  
  43  3:46  Drone  
  44  3:51  Drone x2  
  46  4:01  Queen  
  46  4:02  Drone x2  
  50  4:03  Queen  
  50  4:04  Spore Crawler  
  50  4:07  Drone x2  
  53  4:11  Spore Crawler  
  53  4:14  Drone x2  
  54  4:17  Overlord  
  54  4:19  Drone  
  54  4:22  Extractor  
  54  4:23  Drone x2  
  56  4:25  Drone  
  56  4:30  Drone  
  56  4:31  Drone  
  59  4:39  Drone x3  
  59  4:44  Drone x2  
  64  4:46  Overlord  
  64  4:51  Drone x2, Roach Warren  
  65  4:55  Lair  
  65  4:56  Metabolic Boost  
  65  4:57  Drone  
  65  4:58  Drone  
  67  5:00  Drone  
  67  5:03  Spore Crawler  
  67  5:04  Drone  
  67  5:09  Drone x2  
  67  5:11  Drone x2  
  70  5:15  Drone x2  
  70  5:18  Drone  
  70  5:19  Extractor  
  70  5:20  Overlord  
  72  5:21  Drone x2  
  72  5:22  Drone  
  72  5:27  Extractor  
  72  5:28  Evolution Chamber  
  73  5:29  Drone x2  
  73  5:30  Drone x2  
  73  5:33  Overlord  
  73  5:35  Overlord  
  77  5:39  Roach x2  
  81  5:44  Extractor, Overlord  
  81  5:45  Extractor  
  81  5:47  Overlord  
  81  5:49  Roach  
  81  5:54  Zerg Missile Weapons Level 1  
  81  5:55  Glial Reconstitution  
  81  5:56  Drone  
  82  5:58  Roach  
  82  5:59  Roach x3  
  82  6:03  Roach x2  
  94  6:06  Drone x3  
  94  6:09  Baneling Nest  
  94  6:10  Drone x2  
  98  6:19  Drone  
  98  6:22  Spire  
  98  6:26  Roach x3  
  104  6:33  Overlord  
  104  6:35  Drone  
  105  6:41  Overlord  
  105  6:44  Hatchery, Overlord  
  105  6:46  Overlord  
  104  6:51  Overlord  
  104  6:52  Roach  
  104  6:53  Roach x2  
  113  6:58  Overlord  
  113  7:00  Overseer  
  109  7:02  Centrifical Hooks  
  109  7:05  Roach x3  
  109  7:06  Drone x5  
  109  7:08  Drone x2  
  122  7:10  Drone  
  122  7:12  Roach x2  
  127  7:18  Overlord  
  127  7:20  Ravager x2  
  127  7:22  Roach  
  131  7:28  Roach x3  
  131  7:29  Drone x2  
  139  7:31  Overlord  
  139  7:36  Overlord  
  139  7:41  Overlord  
  139  7:46  Drone  
  139  7:48  Overlord  
  139  7:49  Overlord  
  139  7:50  Roach x3  
  145  7:53  Ravager x3  
  147  7:59  Zerg Melee Weapons Level 1, Zergling x22  
  147  8:05  Drone  
  159  8:06  Spore Crawler  
  159  8:07  Zergling x2  
  159  8:08  Ravager x3  
  159  8:10  Zergling x2  
  163  8:17  Zergling x4  
  165  8:21  Zergling x10  
  165  8:24  Zergling x4  
  165  8:25  Ravager x2  
  174  8:28  Baneling x17  
  174  8:29  Roach x5  
  174  8:32  Roach, Zergling x2  
  184  8:36  Roach  
  184  8:37  Roach  
  182  8:42  Roach x3  
  182  8:50  Roach x2  
  185  8:57  Hatchery  
  185  8:58  Zergling x2  
  185  9:03  Overlord  
  185  9:04  Baneling x5  
  185  9:05  Baneling x4, Zergling x2  
  186  9:11  Overlord  
  186  9:16  Overlord  
  186  9:19  Extractor, Zergling x2  
  186  9:20  Extractor  
  186  9:23  Zergling x2  
  186  9:24  Zergling x2  
  185  9:26  Roach x7  
  185  9:29  Roach  
  185  9:31  Roach  
  191  9:38  Roach  
  191  9:39  Roach  
  191  9:42  Roach  
  197  9:52  Roach  
  198  9:54  Zergling x6  
  191  10:01  Zergling x2  
  191  10:02  Zergling x8  
  168  10:07  Zergling x2  
  168  10:10  Roach  
  142  10:16  Roach Warren  
  142  10:19  Zergling x2  
  111  10:28  Roach x4  
Tags
 
Add a new tag
Caveats
  • Supply blocks, unpowered buildings, or Contaminate may cause inaccurate times.
  • Supply counts are checked every 10 seconds.